 Dungeon Crawl Stone Soup version 0.30.0-29-ga12c61a403 (webtiles) character file.

Game seed: 17468082010715615683

310 seaoflcl the Trooper (level 6, -2/48 HPs)
             Began as a Demonspawn Fighter on June 16, 2023.
             Slain by Duvessa
             ... wielding a +0 short sword
              (10 damage)
             ... on level 3 of the Dungeon.
             The game lasted 00:04:59 (3025 turns).

seaoflcl the Trooper (Demonspawn Fighter)           Turns: 3025, Time: 00:04:59

Health: -2/48      AC: 20    Str: 19    XL:     6   Next: 17%
Magic:  6/6        EV:  7    Int: 15    God:
Gold:   171        SH:  8    Dex:  9    Spells: 5/5 levels left

rFire   + + .        a - +0 war axe
rCold   x . .        z - +0 kite shield
rNeg    . . .        y - +4 fire dragon scales "Ythryum" {rF++ rC- Int+6 Dex-3}
rPois   +            l - +0 helmet
rElec   .            (no cloak)
rCorr   .            k - +0 pair of gloves
SInv    .            A - +0 pair of boots {Fly}
Will    .....        (no amulet) Stlth
                     q - +4 ring of protection
HPRegen 0.28/turn    r - ring of poison resistance
MPRegen 0.10/turn

%: no passive effects
@: mighty, flying
A: claws 1, demonic magic 1
a: no special abilities


You were on level 3 of the Dungeon.
You visited 1 branch of the dungeon, and saw 4 of its levels.

You collected 171 gold pieces.

Inventory:

Hand Weapons
 a - a +0 war axe (weapon)
 m - the +3 whip "Fuhaej Hojom" {vamp, rF- rN+ Str+3}
   (You found it on level 2 of the Dungeon)

   Str:       It affects your strength (+3).
   rF:        It makes you vulnerable to fire.
   rN:        It protects you from negative energy.
 u - a +1 mace of protection
Armour
 c - a +0 buckler
 i - a +0 chain mail
 k - a +0 pair of gloves (worn)
 l - a +0 helmet (worn)
 v - a +0 pair of boots
 y - the +4 fire dragon scales "Ythryum" (worn) {rF++ rC- Int+6 Dex-3}
   (You found it on level 3 of the Dungeon)

   Int:       It affects your intelligence (+6).
   Dex:       It affects your dexterity (-3).
   rF:        It greatly protects you from fire.
   rC:        It makes you vulnerable to cold.
 z - a +0 kite shield (worn)
 A - a +0 pair of boots of flying (worn)
Jewellery
 q - a +4 ring of protection (left hand)
 r - a ring of poison resistance (right hand)
 t - a ring of resist corrosion
Scrolls
 b - a scroll of butterflies {unknown}
 e - 3 scrolls of immolation {unknown}
 f - 5 scrolls of identify {unknown}
 g - 2 scrolls of teleportation {unknown}
 h - 2 scrolls of magic mapping {unknown}
 o - 2 scrolls of fear {unknown}
 p - a scroll of fog {unknown}
 s - a scroll of poison {unknown}
Potions
 n - a potion of lignification {unknown}
 w - a potion of heal wounds {unknown}
 x - a potion of attraction {unknown}


   Skills:
 + Level 3.9 Fighting
 * Level 3.8(4.0) Axes
 + Level 1.7(3.0) Maces & Flails
 + Level 3.6 Armour
 + Level 3.5 Shields


You had 5 spell levels left.
You didn't know any spells.
Your spell library was empty.

Dungeon Overview and Level Annotations

Branches:
Dungeon (4/15)
 Temple: D:4-7

Altars:
Dithmenos
Makhleb

Shops:
D:1 (   D:2 :

Annotations:
D:3 Duvessa


Innate Abilities, Weirdness & Mutations

You have sharp fingernails.
Spells you cast may paralyse adjacent enemies.


Message History

Duvessa hits you with a +0 short sword.
* * * LOW HITPOINT WARNING * * *
Dowan hits you but does no damage.
You fly upwards.
There is a stone staircase leading down here.
You feel better. Duvessa hits you with a +0 short sword.
* * * LOW HITPOINT WARNING * * *
Dowan gestures at you while chanting. The puff of frost misses you.
Duvessa barely misses you.
You feel better. Dowan gestures at you while chanting.
You resist with some effort. Duvessa hits you but does no damage.
You feel very mighty all of a sudden. Duvessa hits you but does no damage.
Dowan gestures wildly while chanting.
Dowan blinks!
Duvessa barely misses you.
You closely miss Duvessa.
Duvessa is moderately wounded.
Duvessa hits you but does no damage. You block Duvessa's attack.
Dowan hits you but does no damage.
You hit Duvessa.
Duvessa is heavily wounded.
You barely miss Dowan. Duvessa hits you but does no damage. x2
Dowan gestures at you while chanting. The puff of flame hits you. You resist.
You block Duvessa's attack.
You hit Duvessa but do no damage.
Duvessa is heavily wounded.
You slash Dowan!
Dowan points at you and mumbles some strange words.
The puff of frost misses you. Duvessa hits you but does no damage.
Dowan hits you but does no damage. Duvessa hits you with a +0 short sword.
You hit Duvessa but do no damage.
Duvessa is heavily wounded.
You slash Dowan!
You kill Dowan!
Duvessa screams, "No!
How DARE you!"
Duvessa goes berserk!
Duvessa hits you with a +0 short sword!
* * * LOW HITPOINT WARNING * * *
Duvessa hits you with a +0 short sword!
You die...

#..# #.# ##########.. ##.#
#.######..........# #.#
#........#####..... #.####
####..#### #..### #....#
####..#########...#
####.####.....##.....####..
#..##..............####.
##.)[.>.............# ##
###[.e@............# #
#....)...........# ##
#................###.
#................##..
#................#...
##.....<....>...##..#
##......#............
######..########........##
#..........# #........#


You could see Duvessa (berserk, fast).

Vanquished Creatures
  An ice beast (D:3)
  Dowan (D:3)
  An orc priest (D:3)
  Terence (D:3)
  An orc wizard (D:3)
  Robin (D:2)
  4 adders
  A dart slug (D:1)
  6 orcs (D:3)
  6 ball pythons
  3 bats
  7 endoplasms
  2 giant cockroaches (D:3)
  15 goblins
  4 hobgoblins
  6 quokkas
  3 frilled lizards
  8 kobolds
  4 rats
75 creatures vanquished.

Notes
Turn   | Place    | Note
-------+----------+-------------------------------------------
     0 | D:1      | seaoflcl the Demonspawn Fighter began the quest for the
                  | Orb.
     0 | D:1      | Reached XP level 1. HP: 18/18 MP: 1/1
   101 | D:1      | You fall into a shaft and drop 1 floor!
   123 | D:2      | Gained mutation: You have sharp fingernails. [demonic
                  | ancestry]
   123 | D:2      | Reached XP level 2. HP: 18/24 MP: 2/2
   151 | D:1      | Found Pomeneh's Weapon Shop.
   343 | D:1      | Reached XP level 3. HP: 26/29 MP: 3/3
   775 | D:2      | Identified the +3 whip "Fuhaej Hojom" {vamp, rF- rN+ Str+3}
   781 | D:2      | Noticed Robin
   799 | D:2      | Killed Robin
   800 | D:2      | Reached XP level 4. HP: 29/35 MP: 4/4
   911 | D:2      | Found Gogumm's Vocational Training.
  1367 | D:3      | Noticed an ice beast
  1379 | D:3      | Killed an ice beast
  1380 | D:3      | Reached skill level 1 in Maces & Flails
  1380 | D:3      | Reached XP level 5. HP: 11/41 MP: 5/5
  1732 | D:3      | Found a burning altar of Makhleb.
  1732 | D:3      | Found a shadowy altar of Dithmenos.
  1812 | D:3      | HP: 1/42 [orc wizard/puff of flame (10)]
  2327 | D:3      | Gained mutation: Spells you cast may paralyse adjacent
                  | enemies. [demonic ancestry]
  2327 | D:3      | Reached XP level 6. HP: 45/48 MP: 6/6
  2527 | D:3      | Noticed Terence
  2538 | D:3      | Killed Terence
  2581 | D:3      | Identified the +4 fire dragon scales "Ythryum" {rF++ rC-
                  | Int+6 Dex-3}
  2751 | D:4      | Noticed Duvessa
  2751 | D:4      | Noticed Dowan
  3025 | D:3      | Killed Dowan
  3025 | D:3      | Slain by Duvessa

Illustrated notes

Levels and vault maps discovered:
D:1:      spicycebolla_arrival_xxxplode, layout_rooms, serial_shops, shop
D:2:      layout_loops_ring, nicolae_shop_vocational, uniq_robin
D:3:      layout_rooms, amethyst_overflow_temple_binary,
          dreamdust_princess_bridge, minmay_increasing_density, uniq_terence
D:4:      layout_cave_pools, serial_bayou_ford_a, uniq_duvessa, uniq_sigmund

Skill      XL: |  1  2  3  4 |
---------------+-------------+-----
Axes           | 2 3 |  3.8
Armour         | 3 |  3.6
Shields        | 3 |  3.5
Maces & Flails | 1 |  1.7
Fighting       | |  3.9

Action                     |  1- 3 |  4- 6 || total
---------------------------+-------+-------++-------
  Melee: War axe           |    77 |    97 ||   174
    Use: Potion            |     1 |     4 ||     5
 Armour: Chain mail        |    63 |    70 ||   133
         Scale mail        |     2 |       ||     2
         Fire dragon scale |       |    33 ||    33
  Dodge: Dodged            |    29 |    48 ||    77
  Block: Buckler           |    26 |    14 ||    40
         Kite shield       |       |    20 ||    20
